 Dungeon Crawl Stone Soup version 0.26.1-16-g4e020e15dc (webtiles) character file.

Game seed: 124699869502234770

204 Froggeryz the Fighter (level 5, -2/51 HPs)
             Began as a Gnoll Wanderer on Mar 11, 2023.
             Slain by a worker ant (7 damage)
             ... on level 4 of the Dungeon.
             The game lasted 00:04:33 (3358 turns).

Froggeryz the Fighter (Gnoll Wanderer)              Turns: 3358, Time: 00:04:33

Health: -2/51      AC:  5    Str: 13 (14) XL:     5   Next: 82%
Magic:  9/9        EV: 11    Int: 14 (15) God:
Gold:   134        SH:  0    Dex: 12 (15) Spells: 10/10 levels left

rFire    . . .     SeeInvis .   i - +0 mace
rCold    . . .     Faith    .   (no shield)
rNeg     . . .     Spirit   .   g - +0 ring mail
rPois    .         Reflect  .   (no helmet)
rElec    .         Harm     .   (no cloak)
rCorr    .         Rampage  .   (no gloves)
Will     .....                  (no boots)
Stlth    +.........             o - amulet of inaccuracy (curse)
HPRegen  0.17/turn              (no ring)
MPRegen  0.11/turn              (no ring)

@: lethally poisoned (-2 -> -27)
A: distributed training, fangs 1, strong nose
a: no special abilities


You were on level 4 of the Dungeon.
You visited 1 branch of the dungeon, and saw 4 of its levels.

You collected 134 gold pieces.

Inventory:

Hand Weapons
 e - a +0 hand crossbow
 i - a +0 mace (weapon)
 n - a +0 dagger of protection
Missiles
 l - 10 boomerangs (quivered)
Armour
 g - a +0 ring mail (worn)
Jewellery
 m - an uncursed ring of fire
 o - a cursed amulet of inaccuracy (around neck)
Scrolls
 c - a scroll of identify
 h - a scroll of enchant armour
 j - a scroll of teleportation
Potions
 a - a potion of brilliance {unknown}
 b - a potion of lignification
 d - a potion of mutation
 f - a potion of attraction {unknown}
 k - a potion of cancellation {unknown}


   Skills:
 + Level 8.7 Fighting
 + Level 1.6 Short Blades
 + Level 1.6 Long Blades
 + Level 1.6 Axes
 + Level 1.6 Maces & Flails
 + Level 1.6 Polearms
 + Level 1.6 Staves
 + Level 1.6 Slings
 + Level 1.6 Bows
 + Level 1.6 Crossbows
 + Level 1.6 Throwing
 + Level 1.6 Armour
 + Level 3.1 Dodging
 + Level 1.6 Stealth
 + Level 4.8 Shields
 + Level 1.6 Unarmed Combat
 + Level 3.2 Spellcasting
 + Level 1.3 Conjurations
 + Level 1.3 Hexes
 + Level 1.3 Summonings
 + Level 1.3 Necromancy
 + Level 1.3 Translocations
 + Level 1.3 Transmutations
 + Level 4.0 Fire Magic
 + Level 1.3 Ice Magic
 + Level 1.3 Air Magic
 + Level 1.3 Earth Magic
 + Level 1.3 Poison Magic
 + Level 1.9 Invocations
 + Level 1.6 Evocations


You had 10 spell levels left.
You didn't know any spells.
Your spell library was empty.

Dungeon Overview and Level Annotations

Branches:
Dungeon (4/15)
 Temple: D:4-7

Altars:
Makhleb
Nemelex Xobeh
Zin
The Shining One


Innate Abilities, Weirdness & Mutations

Your experience applies equally to all skills.
You have very sharp teeth.
Your uncanny sense of smell can sniff out nearby items.


Message History

You are too injured to fight recklessly!
* * * LOW HITPOINT WARNING * * *
You feel sick.
You barely miss the worker ant.
You punch the worker ant, but do no damage.
* * * LOW HITPOINT WARNING * * *
You feel sick. The worker ant closely misses you.
You hit the worker ant but do no damage.
Your punch misses the worker ant.
* * * LOW HITPOINT WARNING * * *
You feel sick. The worker ant bites you.
* * * LOW HITPOINT WARNING * * *
You are more poisoned.
The worker ant poisons you! The worker ant closely misses you.
You miss the worker ant.
You bite the worker ant, but do no damage.
* * * LOW HITPOINT WARNING * * *
You feel very sick. The worker ant barely misses you. The worker ant bites you!
You die...

#......#
#......# ....#
#......# ....#
#......# ....#
#......# ....#
#......# ....#
#......# ...#
####'#####...###
#......@B.....#
#<......#.....+
#.......#.....#
###############


You could see a worker ant.

Vanquished Creatures
  Natasha (thrice) (D:3)
  6 adders
  An ooze (D:2)
  3 worms
  2 leopard geckos (D:1)
  A ball python (D:2)
  3 bats
  15 giant cockroaches
  5 goblins
  6 hobgoblins
  9 kobolds
  3 frilled lizards
  5 rats
62 creatures vanquished.

Notes
Turn   | Place    | Note
-------+----------+-------------------------------------------
     0 | D:1      | Froggeryz the Gnoll Wanderer began the quest for the Orb.
     0 | D:1      | Froggeryz set off with the following items: a +0 spear, a
                  | potion of lignification, a +0 kite shield, a +0 robe
     0 | D:1      | Reached XP level 1. HP: 26/26 MP: 4/4
    63 | D:1      | Reached XP level 2. HP: 29/33 MP: 5/5
  1120 | D:2      | Reached XP level 3. HP: 36/38 MP: 7/7
  1161 | D:2      | Reached skill level 1 in Invocations
  1177 | D:2      | Reached skill level 1 in Short Blades
  1177 | D:2      | Reached skill level 1 in Long Blades
  1177 | D:2      | Reached skill level 1 in Axes
  1177 | D:2      | Reached skill level 1 in Maces & Flails
  1177 | D:2      | Reached skill level 1 in Polearms
  1177 | D:2      | Reached skill level 1 in Staves
  1177 | D:2      | Reached skill level 1 in Slings
  1177 | D:2      | Reached skill level 1 in Bows
  1177 | D:2      | Reached skill level 1 in Crossbows
  1177 | D:2      | Reached skill level 1 in Throwing
  1177 | D:2      | Reached skill level 1 in Armour
  1177 | D:2      | Reached skill level 1 in Stealth
  1177 | D:2      | Reached skill level 1 in Unarmed Combat
  1177 | D:2      | Reached skill level 1 in Evocations
  1502 | D:2      | Found a sparkling altar of Nemelex Xobeh.
  1672 | D:2      | Reached XP level 4. HP: 36/45 MP: 8/8
  2343 | D:3      | Reached skill level 1 in Conjurations
  2343 | D:3      | Reached skill level 1 in Hexes
  2343 | D:3      | Reached skill level 1 in Summonings
  2343 | D:3      | Reached skill level 1 in Necromancy
  2343 | D:3      | Reached skill level 1 in Translocations
  2343 | D:3      | Reached skill level 1 in Transmutations
  2343 | D:3      | Reached skill level 1 in Ice Magic
  2343 | D:3      | Reached skill level 1 in Air Magic
  2343 | D:3      | Reached skill level 1 in Earth Magic
  2343 | D:3      | Reached skill level 1 in Poison Magic
  2474 | D:3      | Reached XP level 5. HP: 41/51 MP: 9/9
  2578 | D:3      | Noticed Natasha
  2592 | D:3      | Killed Natasha
  2749 | D:3      | Noticed Natasha
  2775 | D:3      | Killed Natasha
  2848 | D:3      | Noticed Natasha
  2858 | D:3      | Killed Natasha
  3023 | D:3      | Found a glowing golden altar of the Shining One.
  3221 | D:3      | Noticed a green death
  3222 | D:3      | Found a burning altar of Makhleb.
  3226 | D:3      | Found a glowing silver altar of Zin.
  3226 | D:3      | Noticed an angel
  3358 | D:4      | Slain by a worker ant

Illustrated notes

Levels and vault maps discovered:
D:1:      scummos_arrival_simple_fountains, layout_loops_ring, minmay_tromino_i2
D:2:      minmay_roachtagon, layout_basic, nemelex_spade_bored_becter
D:3:      layout_rooms, grunt_temple_overflow_order_and_chaos_2,
          general_overflow_altar, eino_tiny_chamber, uniq_natasha
D:4:      layout_gridville

Skill      XL: |  1  2  3  4  5 |
---------------+----------------+-----
Invocations    | 1 |  1.9
Short Blades   | 1 |  1.6
Long Blades    | 1 |  1.6
Axes           | 1 |  1.6
Maces & Flails | 1 |  1.6
Polearms       | 1 |  1.6
Staves         | 1 |  1.6
Slings         | 1 |  1.6
Bows           | 1 |  1.6
Crossbows      | 1 |  1.6
Throwing       | 1 |  1.6
Armour         | 1 |  1.6
Stealth        | 1 |  1.6
Unarmed Combat | 1 |  1.6
Evocations     | 1 |  1.6
Spellcasting   | 3 |  3.2
Conjurations   | 1 |  1.3
Hexes          | 1 |  1.3
Summonings     | 1 |  1.3
Necromancy     | 1 |  1.3
Translocations | 1 |  1.3
Transmutations | 1 |  1.3
Ice Magic      | 1 |  1.3
Air Magic      | 1 |  1.3
Earth Magic    | 1 |  1.3
Poison Magic   | 1 |  1.3
Dodging        | 3 |  3.1
Fire Magic     | 4 |  4.0
Fighting       | |  8.7
Shields        | |  4.8

Action                   |  1- 3 |  4- 6 || total
-------------------------+-------+-------++-------
Melee: Spear             |    29 |       ||    29
       Mace              |    60 |    23 ||    83
       Bite              |     5 |    32 ||    37
       Dagger            |       |   208 ||   208
       Punch             |       |     1 ||     1
  Use: Scroll            |     2 |     4 ||     6
       Potion            |       |     1 ||     1
 Stab: Sleeping          |     4 |     1 ||     5
Armor: Robe              |     3 |       ||     3
       Leather armour    |    30 |    16 ||    46
       Ring mail         |       |    68 ||    68
       Skin              |       |     1 ||     1
Dodge: Dodged            |    78 |   130 ||   208
Block: Kite shield       |     6 |       ||     6
